Map: Ulrena

Players

Avokado

  • Race: Terran Terran
  • League: Master

Solar - Winner!

  • Race: Zerg Zerg
  • League: Gold

Event: DreamHack ROCCAT LotV Championship

VOD

Have the link to the VOD?

Description

Time

  • Played on: Nov. 26, 2015, 7:50 a.m.
  • Length: 8:06

All games in this series

Show
View Real Time Build Order
Export as new Build Order

Avokado Terran 

Build Orders: Liberator Opening, Reaper Expand 

Get SALT Encoding   

  12  0:00  SCV  
  13  0:13  SCV  
  14  0:17  Supply Depot  
  14  0:25  SCV  
  15  0:39  SCV  
  15  0:40  Barracks  
  16  0:44  Refinery  
  16  0:51  SCV  
  17  1:03  SCV  
  18  1:15  SCV  
  19  1:27  Reaper, Orbital Command  
  20  1:41  Command Center  
  20  1:51  Supply Depot  
  20  1:53  SCV  
  21  1:58  Refinery  
  21  2:04  Barracks Reactor  
  21  2:05  SCV  
  22  2:17  SCV  
  22  2:22  Factory  
  24  2:30  SCV  
  24  2:41  Marine x2  
  24  2:42  SCV  
  27  2:53  Orbital Command  
  27  2:54  SCV  
  28  2:59  Supply Depot, Marine x2  
  30  3:06  Factory Tech Lab  
  30  3:08  Starport  
  31  3:12  SCV  
  31  3:17  Marine x2  
  31  3:19  SCV  
  34  3:20  Bunker  
  33  3:29  Siege Tank  
  33  3:31  SCV  
  33  3:33  SCV  
  38  3:35  Marine x2  
  40  3:43  SCV  
  40  3:45  SCV  
  42  3:50  Supply Depot  
  42  3:55  SCV, Marine x2, Liberator  
  44  3:57  Supply Depot, SCV  
  43  4:13  Marine x2  
  43  4:15  SCV  
  47  4:27  Orbital Command  
  47  4:31  Marine x2  
  47  4:32  SCV  
  47  4:35  Barracks  
  47  4:36  Barracks  
  49  4:44  Orbital Command  
  49  4:51  Supply Depot  
  49  4:57  Marine  
  49  4:58  Marine  
  45  5:06  SCV  
  46  5:13  Supply Depot  
  46  5:20  Viking, Marine x2  
  46  5:21  SCV, Siege Tank  
  54  5:23  Barracks Tech Lab  
  54  5:24  Barracks Tech Lab  
  54  5:30  Supply Depot  
  54  5:35  SCV x2  
  48  5:44  Marine x2  
  48  5:46  Marauder x2  
  48  5:47  SCV  
  47  5:53  SCV  
  42  6:02  Marine  
  43  6:06  SCV  
  43  6:07  SCV, Marauder  
  43  6:08  Bunker  
  43  6:09  Marauder, Marine  
  50  6:20  Marine  
  50  6:23  SCV  
  50  6:24  SCV  
  53  6:27  Refinery, Marine  
  53  6:28  Marauder  
  53  6:29  Refinery  
  53  6:30  Marine  
  53  6:31  Barracks  
  57  6:34  Barracks  
  57  6:35  SCV  
  57  6:38  Marine  
  59  6:40  Starport Reactor  
  59  6:41  SCV  
  59  6:45  Marine  
  61  6:48  SCV  
  61  6:49  Marauder  
  61  6:52  Engineering Bay  
  61  6:53  SCV  
  65  6:54  Supply Depot  
  65  6:58  Marine  
  65  7:00  SCV  
  67  7:03  Siege Tank  
  70  7:10  Supply Depot  
  70  7:16  SCV  
  70  7:18  SCV  
  70  7:20  Supply Depot  
  70  7:21  Marine  
  70  7:22  Barracks Reactor  
  71  7:24  Barracks Tech Lab  
  71  7:29  SCV  
  72  7:30  SCV, Marine  
  72  7:34  Medivac  
Show
View Real Time Build Order
Export as new Build Order

Solar Zerg - Winner!

Build Orders: Hatch First 

Get SALT Encoding   

  12  0:01  Drone  
  13  0:13  Overlord  
  13  0:18  Drone  
  14  0:31  Drone x2  
  14  0:35  Drone  
  17  0:53  Hatchery  
  17  0:55  Drone  
  17  0:58  Drone  
  18  1:05  Extractor  
  18  1:07  Drone  
  18  1:17  Spawning Pool  
  17  1:20  Drone  
  18  1:29  Drone  
  19  1:39  Overlord  
  19  2:04  Queen x2, Zergling x4  
  19  2:06  Zergling x2  
  26  2:12  Drone  
  27  2:16  Drone  
  28  2:23  Drone  
  28  2:27  Drone  
  30  2:34  Roach Warren  
  30  2:35  Drone  
  30  2:37  Overlord  
  30  2:44  Overlord  
  29  3:15  Roach x5  
  29  3:17  Roach  
  29  3:18  Roach x3  
  47  3:20  Roach  
  47  3:25  Overlord  
  49  3:31  Roach  
  51  3:39  Overlord  
  51  3:44  Drone x3  
  51  3:48  Drone  
  55  3:49  Drone x2  
  55  3:53  Drone  
  58  3:58  Overlord  
  58  4:00  Drone  
  58  4:04  Drone  
  58  4:05  Ravager  
  58  4:08  Drone  
  61  4:12  Ravager  
  61  4:13  Drone  
  61  4:16  Drone  
  62  4:18  Drone  
  62  4:19  Drone x2  
  62  4:20  Drone  
  62  4:22  Drone  
  66  4:25  Drone  
  67  4:32  Overlord  
  67  4:38  Extractor  
  67  4:39  Hatchery  
  67  4:43  Queen, Extractor  
  66  4:48  Spore Crawler  
  66  4:49  Drone  
  66  4:50  Ravager  
  66  4:52  Drone  
  68  4:53  Drone  
  68  4:55  Drone  
  68  4:56  Drone  
  68  4:58  Drone  
  72  5:01  Overlord  
  72  5:02  Drone  
  73  5:11  Lair  
  73  5:12  Drone  
  74  5:14  Extractor  
  74  5:17  Ravager  
  74  5:18  Drone x3  
  77  5:30  Overlord x2  
  77  5:31  Drone x4  
  77  5:32  Drone  
  82  5:36  Drone  
  82  5:42  Drone  
  82  5:44  Drone  
  68  5:57  Roach x6  
  68  5:58  Roach x3  
  81  6:04  Extractor  
  81  6:07  Drone  
  81  6:08  Drone  
  81  6:09  Glial Reconstitution  
  81  6:10  Drone  
  83  6:14  Drone  
  84  6:20  Overlord  
  84  6:21  Drone  
  84  6:24  Drone  
  86  6:29  Drone x4  
  86  6:31  Queen  
  92  6:33  Overlord x3  
  92  6:35  Roach x2  
  92  6:38  Ravager x3  
  92  6:39  Ravager x3  
  102  6:41  Overlord  
  102  6:44  Overlord  
  102  6:45  Overlord  
  102  6:52  Roach  
  104  6:56  Roach x2  
  104  6:59  Roach x5  
  104  7:00  Roach  
  120  7:04  Ravager  
  120  7:07  Roach x3  
  127  7:11  Overlord  
  127  7:12  Roach x2  
  131  7:16  Overlord  
  131  7:20  Roach x2  
  135  7:25  Ravager  
  135  7:26  Overlord  
  135  7:28  Roach x3  
  142  7:30  Roach x2  
  146  7:39  Roach x2  
  146  7:40  Roach x2  
  138  7:45  Roach x2  
  138  7:46  Roach x3  

Tags
 
Add a new tag
Caveats
  • Supply blocks, unpowered buildings, or Contaminate may cause inaccurate times.
  • Supply counts are checked every 10 seconds.